 Dungeon Crawl Stone Soup version 0.31.0-1-g2c135a0 (webtiles) character file.

Game seed: 12274493288996176895

42 brinewave the Shield-Bearer (level 3, -2/33 HPs)
             Began as a Minotaur Fighter on Feb 1, 2024.
             Slain by Grinder (7 damage)
             ... while paralysed by Grinder
             ... on level 3 of the Dungeon.
             The game lasted 00:03:39 (1431 turns).

brinewave the Shield-Bearer (Minotaur Fighter)      Turns: 1431, Time: 00:03:40

Health: -2/33      AC:  8    Str: 22    XL:     3   Next: 33%
Magic:  2/2        EV:  2    Int:  5    God:
Gold:   92         SH:  0    Dex:  9    Spells: 2/2 levels left

rFire   . . .        a - +0 war axe
rCold   . . .        c - +0 buckler
rNeg    . . .        b - +0 scale mail
rPois   +            (helmet restricted)
rElec   .            (no cloak)
rCorr   .            k - +0 pair of gloves
SInv    .            (no boots)
Will    .....        (no amulet) Stlth
                     u - +5 ring of evasion
HPRegen 0.25/turn    s - ring of poison resistance
MPRegen 0.08/turn

%: no passive effects
@: paralysed
A: horns 2, retaliatory headbutt
a: no special abilities


You were on level 3 of the Dungeon.
You visited 1 branch of the dungeon, and saw 3 of its levels.

You collected 92 gold pieces.

Inventory:

Hand Weapons
 a - a +0 war axe (weapon)
Missiles
 h - 50 stones (quivered)
Armour
 b - a +0 scale mail (worn)
 c - a +0 buckler (worn)
 k - a +0 pair of gloves (worn)
Jewellery
 e - a +6 ring of dexterity
 r - a ring of ice
 s - a ring of poison resistance (right hand)
 u - a +5 ring of evasion (left hand)
Scrolls
 f - a scroll of fear {unknown}
 l - a scroll of immolation
 t - a scroll of identify {unknown}
 v - a scroll of poison {unknown}
Potions
 d - a potion of might
 g - a potion of mutation {unknown}
 i - 3 potions of curing {unknown}
 j - a potion of ambrosia {unknown}
 m - a potion of resistance {unknown}
 n - a potion of magic {unknown}
 o - a potion of attraction {unknown}
 p - a potion of enlightenment {unknown}
 q - a potion of lignification {unknown}


   Skills:
 + Level 4.0 Fighting
 * Level 3.5 Axes
 + Level 4.0 Armour
 + Level 4.0 Shields


You had 2 spell levels left.
You didn't know any spells.
Your spell library contained the following spells:

 Spells                   Type           Power      Damage    Failure   Level
 Jinxbite                 Hex            0%         N/A       94%         2
 Lesser Beckoning         Tloc           0%         N/A       94%         2
 Gell's Gravitas          Tloc           0%         N/A       99%         3
 Teleport Other           Tloc           0%         N/A       99%         3
 Yara's Violent Unravell  Hex/Alch       0%         3d3       100%        5
 Enfeeble                 Hex            0%         N/A       100%        7


Dungeon Overview and Level Annotations

Branches:
Dungeon (3/15)

Altars:

Annotations:
D:2 1 runed translucent door, Crazy Yiuf
D:3 Grinder


Innate Abilities, Weirdness & Mutations

You have a pair of horns on your head.
You reflexively headbutt those who attack you in melee.


Message History

Found a ring mail.
You're wearing all the rings you can.
Remove which one? (? for menu, Esc to cancel) < or
e - a +6 ring of dexterity; > or
s - a ring of poison resistance You remove your +6 ring of dexterity.
You feel clumsy.
u - a +5 ring of evasion (left hand)
Found a blade talisman.
Found a stone staircase leading down.
v - a scroll labelled DAKHUR OSTIM Grinder comes into view.
Grinder shouts!
You barely miss Grinder. Grinder gestures at you.
Pain shoots through your body!
You slash Grinder! You headbutt Grinder.
Grinder is moderately wounded.
Grinder hits you but does no damage.
You hit Grinder.
Grinder is heavily wounded.
Grinder closely misses you. Grinder hits you.
You writhe in agony.
You closely miss Grinder.
Grinder is heavily wounded.
You block Grinder's attack.
You hit Grinder but do no damage.
Grinder is heavily wounded.
You block Grinder's attack.
You barely miss Grinder.
Grinder is heavily wounded.
Grinder closely misses you. Grinder gestures at you.
You suddenly lose the ability to move!
Grinder hits you.
You writhe in agony.
Grinder hits you.
You writhe in agony.
* * * LOW HITPOINT WARNING * * *
Grinder hits you.
* * * LOW HITPOINT WARNING * * *
Grinder hits you!
You die...
Grinder says, "Now the real fun starts!"

#..##.###). ...
#.......... ##.##
........... #...##
........... ####....
........... ......#
......#.#.# #....#
#.#####.... #..5.#
#.#####....
#.#@######..........
#...........####....
##..........# ###..#
#..........###....#
#...........#..##..
#...........#.#####
#.............#.#...
#.............#.#.#
#.................#


You could see Grinder.

Vanquished Creatures
  2 endoplasms
  3 giant cockroaches
  4 goblins
  3 hobgoblins (D:1)
  4 quokkas
  4 ball pythons
  8 bats (D:1)
  A frilled lizard (D:1)
  4 kobolds (D:1)
  6 rats
39 creatures vanquished.

Notes
Turn   | Place    | Note
-------+----------+-------------------------------------------
     0 | D:1      | brinewave the Minotaur Fighter began the quest for the Orb.
     0 | D:1      | Reached XP level 1. HP: 19/19 MP: 0/0
   156 | D:1      | Reached XP level 2. HP: 27/27 MP: 1/1
   394 | D:1      | Found a faded altar of an unknown god.
   638 | D:2      | Reached XP level 3. HP: 33/33 MP: 2/2
   715 | D:2      | Found a runed translucent door.
   716 | D:2      | Noticed Crazy Yiuf
  1419 | D:3      | Noticed Grinder
  1427 | D:3      | Paralysed by Grinder for 5 turns
  1431 | D:3      | Slain by Grinder

Illustrated notes

Levels and vault maps discovered:
D:1:      minmay_arrival_diagonal_passages, layout_rooms,
          hellmonk_ecumenical_altar_blasted
D:2:      layout_loops_ring, chequers_hall_statues_y, uniq_crazy_yiuf_cottage
D:3:      layout_basic, tso_oasis_becter, uniq_natasha, uniq_grinder

Skill      XL: |  1  2  3 |
---------------+----------+-----
Axes           | 3 |  3.5
Shields        | 4 |  4.0
Fighting       | 4 |  4.0
Armour         | 4 |  4.0

Action                     || total
---------------------------++-------
  Melee: War axe           ||    97
         Headbutt          ||     6
 Armour: Scale mail        ||    66
  Dodge: Dodged            ||    50
  Block: Buckler           ||    19
